 Dungeon Crawl Stone Soup version 0.30.0-5-g1a98f26d00 (webtiles) character file.

Game seed: 10366157390418055388

100 jimonade the Trooper (level 4, -3/37 HPs)
             Began as a Mummy Monk on May 11, 2023.
             Splashed by a jelly's acid (4 damage)
             ... on level 3 of the Dungeon.
             The game lasted 00:03:09 (1762 turns).

jimonade the Trooper (Mummy Monk)                   Turns: 1762, Time: 00:03:09

Health: -3/37      AC: -2    Str: 20    XL:     4   Next: 46%
Magic:  4/4        EV: 11    Int: 11    God:
Gold:   86         SH:  0    Dex: 14    Spells: 3/3 levels left

rFire   x . .        a - +0 short sword
rCold   + . .        c - orb {light}
rNeg    + + +        h - +0 ring mail
rPois   ∞            (no helmet)
rElec   .            o - scarf {shadows}
rCorr   .            (no gloves)
SInv    .            (no boots)
Will    .....        (no amulet)
Stlth   +            d - ring of flight
HPRegen 0.26/turn    m - +6 ring of strength
MPRegen 0.09/turn

%: faith
@: corroded, flying, glowing
A: cold resistance 1, negative energy resistance 3, torment resistance 2, heat
vulnerability 1, in touch with death 1, no potions, faith
a: no special abilities


You were on level 3 of the Dungeon.
You visited 1 branch of the dungeon, and saw 3 of its levels.

You collected 86 gold pieces.

Inventory:

Hand Weapons
 a - a +0 short sword (weapon)
 k - a +0 sling
Armour
 c - an orb of light (worn)
 h - a +0 ring mail (worn)
 o - a scarf of shadows (worn)
Jewellery
 d - a ring of flight (left hand)
 m - a +6 ring of strength (right hand)
 p - a +5 ring of evasion
Scrolls
 b - a scroll of teleportation
 e - a scroll of magic mapping {unknown}
 f - a scroll of fog
 g - 2 scrolls of amnesia
 i - a scroll of silence
 j - a scroll of brand weapon
 l - a scroll of noise {unknown}
 n - a scroll of enchant armour {unknown}


   Skills:
 + Level 3.6 Fighting
 + Level 3.1 Short Blades
 + Level 1.3 Armour
 + Level 2.9 Dodging


You had 3 spell levels left.
You didn't know any spells.
Your spell library was empty.

Dungeon Overview and Level Annotations

Branches:
Dungeon (3/15)

Altars:


Innate Abilities, Weirdness & Mutations

You are immune to poison.
Your flesh is cold resistant. (rC+)
You are immune to negative energy. (rN+++)
You are immune to unholy pain and torment.
You are vulnerable to heat. (rF-)
You are in touch with the powers of death.
You do not drink.
You have a special connection with the divine. (Faith)


Message History

You hit the goblin.
The goblin is heavily wounded.
The goblin hits you but does no damage.
You hit the goblin.
You kill the goblin!
You see here a +0 club.
A ball python and a jelly come into view.
The ball python hisses angrily.
The jelly quivers.
The ball python barely misses you. The ball python grabs you.
The ball python constricts you.
The jelly jiggles.
You barely miss the ball python. The ball python bites you.
The ball python constricts you.
You hit the ball python but do no damage.
The ball python bites you. The ball python constricts you.
You hit the ball python.
You kill the ball python!
You hit the jelly.
Your hands burn!
The jelly is lightly wounded.
The jelly hits you.
You are splashed with acid!
You hit the jelly. The acid corrodes you!
Your hands burn!
The jelly is lightly wounded.
The jelly hits you. The acid corrodes you!
You are splashed with acid!
* * * LOW HITPOINT WARNING * * *
You are too injured to fight recklessly!
You are too injured to fight recklessly!
You are too injured to fight recklessly!
You hit the jelly but do no damage.
Your hands burn!
* * * LOW HITPOINT WARNING * * *
The jelly is lightly wounded.
The jelly barely misses you.
You hit the jelly. The acid corrodes you!
Your hands burn!
* * * LOW HITPOINT WARNING * * *
The jelly is moderately wounded.
The jelly barely misses you.
You completely miss the jelly.
The jelly is moderately wounded.
You hit the jelly.
Your hands burn!
You die...

. #. .#.. ....## ......
#.....###### #
##...>..J@.######### ##
<......###.........# ####.
......†####........###....
......<(..#........#...###
.......##.###..#####.###
.......##.# #.## ###.#
.......##.# #.# #...#
.########.###.# ##.###
#.....###..#


You could see a jelly.

Vanquished Creatures
  A hound (D:3)
  A gnoll (D:1)
  2 adders (D:2)
  3 dart slugs
  3 endoplasms
  2 goblins
  3 hobgoblins
  2 jackals (D:2)
  6 kobolds
  2 ball pythons
  7 bats
  3 frilled lizards
  4 rats (D:2)
39 creatures vanquished.

Notes
Turn   | Place    | Note
-------+----------+-------------------------------------------
     0 | D:1      | jimonade the Mummy Monk began the quest for the Orb.
     0 | D:1      | Reached XP level 1. HP: 18/18 MP: 1/1
   424 | D:1      | Reached XP level 2. HP: 24/24 MP: 2/2
   834 | D:2      | Gained mutation: You are in touch with the powers of death.
                  | [Mummy growth]
   834 | D:2      | Reached XP level 3. HP: 26/29 MP: 3/3
  1381 | D:2      | Reached skill level 1 in Armour
  1656 | D:3      | Reached XP level 4. HP: 24/37 MP: 4/4
  1760 | D:3      | HP: 1/37 [acid (5)]
  1762 | D:3      | Splashed by a jelly's acid

Illustrated notes

Levels and vault maps discovered:
D:1:      psy_arrival_terrarium, layout_basic, minmay_misc_feat_tiny
D:2:      layout_basic, minmay_randomly_rotated_circles
D:3:      layout_rooms

Skill      XL: |  1  2  3 |
---------------+----------+-----
Armour         | 1 |  1.3
Short Blades   | 3 |  3.1
Fighting       | |  3.6
Dodging        | |  2.9

Action                     |  1- 3 |  4- 6 || total
---------------------------+-------+-------++-------
  Melee: Short sword       |   160 |    11 ||   171
    Use: Scroll            |     5 |       ||     5
 Armour: Ring mail         |    59 |     1 ||    60
  Dodge: Dodged            |    83 |     3 ||    86
